Map: Golden Wall LE

Players

Astrea - Winner!

  • Race: Protoss Protoss
  • League: Master
  • Spawn Location: 5:00

LiquidTLO (TLO)

  • Race: Zerg Zerg
  • League: Grandmaster
  • Spawn Location: 7:00

Event: DreamHack SC2 Masters 2020 Fall

VOD

Have the link to the VOD?

Description

Time

  • Played on: Sept. 1, 2020, 5:47 p.m.
  • Length: 12:55

All games in this series

Show
View Real Time Build Order
Export as new Build Order

Astrea Protoss - Winner!

Build Orders: 1 Gate Expand, Oracle Opening, Carriers 

Get SALT Encoding   

  12  0:00  Probe  
  13  0:12  Probe  
  14  0:18  Pylon  
  14  0:24  Probe  
  15  0:36  Probe (Chrono Boost)  
  15  0:39  Gateway  
  16  0:46  Probe (Chrono Boost)  
  16  0:48  Assimilator  
  17  0:51  Probe (Chrono Boost)  
  18  1:03  Probe  
  19  1:15  Probe  
  20  1:25  Nexus  
  20  1:36  Cybernetics Core  
  20  1:39  Probe  
  21  1:47  Assimilator  
  21  1:51  Probe  
  22  1:57  Pylon  
  22  2:03  Probe  
  23  2:12  Adept (Chrono Boost)  
  26  2:15  Probe (Chrono Boost)  
  26  2:20  Stargate  
  26  2:27  Probe (Chrono Boost)  
  26  2:28  Warp Gate  
  27  2:34  Probe (Chrono Boost)  
  27  2:35  Adept (Chrono Boost)  
  30  2:40  Probe  
  30  2:42  Probe  
  32  2:52  Probe  
  32  2:54  Probe  
  32  2:56  Adept (Chrono Boost)  
  36  3:04  Probe  
  37  3:06  Probe  
  37  3:07  Oracle  
  41  3:16  Probe  
  41  3:18  Probe  
  43  3:22  Gateway  
  43  3:24  Pylon  
  43  3:28  Probe  
  43  3:30  Probe  
  45  3:35  Void Ray (Chrono Boost)  
  45  3:41  Probe  
  46  3:42  Probe  
  51  3:53  Probe, Pylon  
  51  3:54  Probe  
  53  4:05  Void Ray, Probe  
  54  4:11  Probe  
  59  4:17  Nexus  
  59  4:18  Probe  
  59  4:20  Pylon  
  59  4:23  Probe  
  61  4:30  Assimilator, Probe  
  61  4:31  Assimilator  
  62  4:38  Probe  
  62  4:40  Gateway  
  62  4:41  Gateway  
  62  4:42  Probe  
  64  4:47  Forge  
  64  4:51  Probe (Chrono Boost)  
  65  4:57  Probe (Chrono Boost)  
  70  5:03  Pylon  
  70  5:05  Probe (Chrono Boost)  
  70  5:06  Pylon  
  68  5:08  Probe (Chrono Boost)  
  68  5:10  Probe (Chrono Boost)  
  68  5:12  Probe (Chrono Boost)  
  69  5:15  Void Ray  
  69  5:20  Assimilator  
  69  5:21  Sentry  
  77  5:22  Assimilator, Probe (Chrono Boost)  
  77  5:24  Sentry  
  77  5:25  Pylon  
  77  5:26  Probe (Chrono Boost)  
  80  5:29  Probe (Chrono Boost)  
  82  5:38  Probe (Chrono Boost)  
  82  5:39  Probe (Chrono Boost)  
  82  5:40  Probe (Chrono Boost)  
  84  5:44  Probe (Chrono Boost)  
  84  5:45  Probe  
  84  5:48  Probe  
  87  5:51  Adept x2  
  87  5:52  Adept x2  
  87  5:56  Probe  
  96  5:57  Probe  
  96  6:00  Probe  
  96  6:02  Pylon  
  98  6:07  Void Ray (Chrono Boost)  
  98  6:08  Probe  
  98  6:09  Probe  
  100  6:12  Probe  
  100  6:16  Photon Cannon  
  105  6:20  Probe  
  105  6:21  Probe  
  105  6:24  Fleet Beacon, Pylon, Probe  
  108  6:31  Stargate x2  
  108  6:32  Probe  
  109  6:33  Probe  
  109  6:36  Probe  
  107  6:55  Nexus  
  107  6:58  Adept x4  
  107  7:00  Photon Cannon  
  107  7:02  Shield Battery  
  107  7:08  Probe x3  
  114  7:17  Carrier (Chrono Boost)  
  114  7:19  Carrier (Chrono Boost)  
  120  7:24  Carrier (Chrono Boost)  
  120  7:34  Stalker  
  120  7:39  Stalker x2  
  120  7:40  Probe  
  120  7:43  Photon Cannon  
  125  7:47  Pylon  
  125  7:54  Probe x2  
  125  7:55  Pylon  
  123  8:00  Stalker x2  
  123  8:04  Mothership (Chrono Boost)  
  125  8:07  Zealot, Probe x2  
  125  8:08  Shield Battery  
  125  8:12  Shield Battery  
  127  8:23  Assimilator  
  127  8:25  Assimilator  
  132  8:28  Zealot, Sentry, Carrier x2 (Chrono Boost)  
  130  8:35  Probe x3  
  133  8:49  Zealot  
  133  8:52  Cybernetics Core  
  139  9:02  Carrier (Chrono Boost)  
  139  9:03  Pylon x2  
  139  9:08  Pylon  
  137  9:16  Nexus  
  137  9:17  Pylon  
  137  9:18  Pylon  
  137  9:26  Carrier (Chrono Boost)  
  137  9:29  Forge  
  143  9:31  Carrier (Chrono Boost)  
  142  9:41  Protoss Air Weapons Level 1 (Chrono Boost)  
  142  9:53  Carrier (Chrono Boost)  
  142  9:54  Nexus  
  148  10:04  Zealot x2  
  148  10:05  Pylon  
  152  10:21  Probe x3  
  155  10:25  Gateway  
  155  10:27  Gateway  
  155  10:28  Zealot, Pylon  
  155  10:29  Zealot  
  155  10:33  Probe  
  155  10:34  Photon Cannon  
  155  10:35  Shield Battery  
  160  10:48  Carrier (Chrono Boost)  
  172  10:50  Assimilator, Carrier (Chrono Boost)  
  172  11:03  Carrier (Chrono Boost)  
  178  11:18  Twilight Council  
  170  11:47  Gateway  
  170  11:48  Void Ray (Chrono Boost)  
  170  11:52  Gateway  
  170  11:54  Void Ray x2 (Chrono Boost), Gateway  
  180  12:10  Photon Cannon  
  180  12:11  Photon Cannon  
  180  12:12  Shield Battery  
  180  12:13  Void Ray (Chrono Boost), Photon Cannon  
  180  12:14  Sentry  
  180  12:15  Photon Cannon  
  182  12:17  Shield Battery, Pylon  
  182  12:18  Sentry  
  188  12:28  Shield Battery  
  188  12:31  Photon Cannon  
  196  12:43  Zealot x5  
Show
View Real Time Build Order
Export as new Build Order

LiquidTLO Zerg 

Build Orders: Hatch First 

Get SALT Encoding   

  12  0:00  Drone  
  13  0:12  Overlord  
  13  0:17  Drone  
  14  0:30  Drone x2  
  16  0:48  Hatchery  
  15  0:51  Drone  
  15  0:55  Drone  
  17  0:59  Drone  
  18  1:05  Extractor  
  17  1:15  Spawning Pool  
  17  1:17  Drone  
  17  1:21  Drone  
  18  1:29  Drone  
  19  1:39  Drone  
  20  1:50  Drone  
  21  2:02  Zergling x2  
  21  2:03  Queen x2  
  21  2:04  Drone  
  21  2:08  Metabolic Boost  
  27  2:14  Overlord  
  27  2:17  Drone  
  28  2:35  Hatchery  
  27  2:37  Zergling x2  
  27  2:39  Drone  
  27  2:42  Drone  
  30  2:46  Overlord  
  30  2:49  Drone  
  31  2:51  Drone  
  31  2:56  Drone  
  33  3:03  Overlord  
  33  3:04  Drone  
  33  3:05  Drone  
  35  3:14  Drone, Queen  
  35  3:18  Drone  
  35  3:19  Drone x2  
  41  3:23  Zergling x2  
  41  3:25  Spore Crawler  
  41  3:30  Drone  
  41  3:33  Drone  
  43  3:39  Zergling x2  
  44  3:42  Drone, Spore Crawler  
  44  3:46  Drone  
  44  3:48  Drone  
  46  3:50  Queen  
  46  3:55  Drone  
  49  3:56  Drone  
  49  3:57  Drone  
  49  3:59  Drone  
  49  4:01  Drone, Spore Crawler  
  52  4:04  Drone  
  53  4:13  Drone, Overlord  
  53  4:14  Drone  
  53  4:16  Zergling x2  
  53  4:17  Overlord, Zergling x2  
  56  4:20  Drone  
  56  4:22  Drone  
  58  4:25  Overlord  
  58  4:28  Lair  
  58  4:32  Overlord  
  58  4:33  Zergling x2  
  58  4:37  Drone  
  58  4:38  Drone x2  
  62  4:39  Drone  
  62  4:42  Drone  
  62  4:43  Drone  
  62  4:45  Drone, Extractor  
  65  4:47  Drone  
  65  4:53  Drone  
  65  4:58  Hatchery  
  65  5:01  Drone x2  
  65  5:05  Drone  
  65  5:06  Drone  
  68  5:08  Drone  
  68  5:10  Queen, Extractor x2  
  68  5:11  Zergling x2  
  70  5:15  Spore Crawler  
  70  5:17  Drone, Extractor  
  70  5:18  Drone, Extractor  
  70  5:19  Drone  
  70  5:22  Drone, Spore Crawler  
  70  5:23  Drone  
  70  5:25  Drone  
  70  5:26  Drone  
  73  5:30  Hydralisk Den  
  73  5:32  Hydralisk Den  
  73  5:33  Drone  
  73  5:34  Drone  
  73  5:38  Drone  
  73  5:39  Drone  
  73  5:42  Drone, Overlord  
  75  5:43  Drone  
  75  5:49  Zergling x2  
  75  5:51  Pneumatized Carapace  
  75  5:52  Overlord  
  75  5:54  Drone x2  
  75  5:55  Drone  
  78  6:02  Drone  
  79  6:06  Grooved Spines, Hydralisk x2, Muscular Augments  
  79  6:08  Hydralisk  
  85  6:14  Hydralisk  
  87  6:20  Hydralisk  
  87  6:22  Hydralisk  
  87  6:25  Hydralisk  
  91  6:27  Overlord  
  91  6:30  Overlord  
  93  6:37  Hydralisk x2  
  97  6:42  Hydralisk  
  97  6:44  Zergling x2  
  97  6:45  Zergling x2  
  91  6:50  Hydralisk x2  
  91  6:51  Hydralisk  
  95  6:55  Zergling x2  
  95  6:56  Hydralisk  
  98  7:04  Overlord x2  
  98  7:05  Hydralisk  
  98  7:06  Zergling x2  
  98  7:08  Zergling x2  
  102  7:09  Zergling x2  
  102  7:10  Zergling x2  
  102  7:11  Zergling x2  
  102  7:14  Zergling x4  
  102  7:15  Zergling x4  
  109  7:18  Drone  
  109  7:22  Hydralisk x2  
  110  7:25  Zergling x2  
  110  7:26  Zergling x2  
  110  7:27  Zergling x4  
  110  7:29  Zergling x2  
  119  7:30  Hydralisk  
  119  7:32  Hydralisk  
  119  7:34  Hydralisk  
  119  7:36  Hydralisk  
  124  7:37  Hydralisk  
  124  7:39  Zergling x2  
  124  7:41  Zergling x2  
  124  7:43  Hydralisk  
  125  7:46  Hydralisk  
  125  7:49  Hydralisk  
  125  7:51  Overlord  
  131  7:54  Hydralisk  
  131  7:55  Zergling x4  
  131  7:57  Zergling x2  
  131  7:58  Zergling x2  
  134  7:59  Zergling x2  
  134  8:00  Zergling x2  
  134  8:02  Overlord  
  134  8:05  Overseer  
  134  8:07  Hydralisk  
  134  8:11  Hydralisk  
  136  8:14  Hydralisk  
  136  8:16  Overseer  
  136  8:17  Hydralisk  
  136  8:18  Zergling x2  
  136  8:19  Zergling x2  
  137  8:22  Hydralisk  
  137  8:25  Zergling x2  
  137  8:26  Zergling x12  
  141  8:32  Hydralisk x2  
  135  8:34  Zergling x2  
  135  8:36  Hydralisk  
  135  8:38  Zergling x2  
  135  8:39  Zergling x2  
  135  8:40  Zergling x2  
  135  8:44  Hydralisk, Zergling x2  
  135  8:48  Hydralisk, Zergling x2  
  131  8:50  Drone  
  131  8:51  Zergling x2  
  131  8:53  Extractor, Zergling x2  
  131  8:54  Zergling x2  
  133  8:56  Zergling x2  
  133  9:00  Drone  
  135  9:03  Spore Crawler  
  135  9:07  Zergling x2, Spire  
  135  9:09  Drone  
  130  9:10  Drone  
  130  9:13  Zergling x2  
  130  9:15  Drone x2  
  130  9:16  Drone  
  134  9:17  Drone  
  134  9:19  Zergling x2  
  134  9:20  Zergling x4, Hatchery  
  134  9:21  Zergling x4  
  139  9:27  Zergling x8  
  143  9:33  Drone  
  143  9:35  Burrow  
  139  9:39  Zergling x12  
  139  9:42  Overlord  
  139  9:45  Drone, Overlord  
  141  9:52  Drone  
  143  10:00  Overlord  
  143  10:01  Overlord  
  141  10:08  Zergling x4  
  137  10:17  Overlord  
  137  10:21  Zerg Flyer Armor Level 1, Corruptor  
  137  10:22  Corruptor x7  
  137  10:26  Drone x2  
  137  10:27  Corruptor  
  157  10:34  Corruptor  
  157  10:40  Drone x2  
  157  10:42  Corruptor, Overlord  
  161  10:47  Drone, Overseer x2  
  160  10:52  Corruptor  
  160  10:54  Drone  
  163  10:57  Extractor  
  163  10:59  Corruptor  
  163  11:08  Corruptor  
  160  11:12  Drone  
  160  11:13  Corruptor  
  160  11:18  Zergling x6  
  165  11:19  Zergling x4  
  165  11:22  Hydralisk x2  
  165  11:23  Zergling x2  
  173  11:27  Corruptor  
  172  11:42  Corruptor  
  172  11:45  Zergling x38  
  176  11:49  Corruptor  
  170  11:57  Zergling x10  
  170  11:58  Zergling x2  
  171  12:02  Overlord  
  171  12:05  Extractor  
  171  12:07  Overlord x2  
  170  12:09  Hatchery  
  169  12:16  Overlord  

Tags
 
Add a new tag
Caveats
  • Supply blocks, unpowered buildings, or Contaminate may cause inaccurate times.
  • Supply counts are checked every 10 seconds.